TOP OF THE 1ST |
Winnipeg Goldeyes batting - Pitching for Columbus Reds : RHP Chris Santos
|
Pitching: RHP Chris Santos
|
|
Batting: RHB Settan Nakamura
|
0-0: Ball 1-0: Ball 2-0: Bunted foul 2-1: Foul Ball, location: 2F 2-2: Ball 3-2: Strikes out swinging
|
Batting: SHB Rodrigo Mendoza
|
0-0: Swinging Strike 0-1: Called Strike 0-2: Ball 1-2: Ball 2-2: Strikes out looking
|
Batting: RHB Terry Oetker
|
0-0: Foul Ball, location: 2F 0-1: Foul Ball, location: 2F 0-2: DOUBLE (Flyball, 8RXD, EV 97.5 MPH)
|
Batting: SHB Victor Turrubiate
|
0-0: Called Strike 0-1: Ball 1-1: Ball 2-1: Ball 3-1: Base on Balls
|
Batting: LHB Dave Bertheau
|
0-0: Ball 1-0: Called Strike 1-1: Foul Ball, location: 2F 1-2: Ball 2-2: Foul Ball, location: 2F 2-2: Foul Ball, location: 2F 2-2: Foul Ball, location: 2F 2-2: Foul Ball, location: 2F 2-2: Ball 3-2: Foul Ball, location: 2F 3-2: 3-RUN HOME RUN (Flyball, 9D, EV 96.9 MPH), Distance : 380 ft
|
Batting: RHB Mike Berzins
|
0-0: Swinging Strike 0-1: Ball 1-1: Ball 2-1: Ball 3-1: Fly out, F9 (Flyball, 9, EV 97.5 MPH)
|
Top of the 1st over - 3 runs, 2 hits, 0 errors, 0 left on base; Winnipeg 3 - Columbus 0 |
BOTTOM OF THE 1ST |
Columbus Reds batting - Pitching for Winnipeg Goldeyes : RHP Juan Castro
|
Pitching: RHP Juan Castro
|
|
Batting: LHB Alex Ramos
|
0-0: Ball 1-0: Ground out 1-3 (Groundball, 15, EV 75.0 MPH)
|
Batting: RHB Tony Camacho
|
0-0: Ball 1-0: Called Strike 1-1: Ball 2-1: Ground out 6-3 (Groundball, 6, EV 81.2 MPH)
|
Batting: RHB Aaron Barraza
|
0-0: Ball 1-0: Ball 2-0: Called Strike 2-1: Ball 3-1: Called Strike 3-2: Strikes out swinging
|
Bottom of the 1st over - 0 runs, 0 hits, 0 errors, 0 left on base; Winnipeg 3 - Columbus 0 |
TOP OF THE 2ND |
Winnipeg Goldeyes batting - Pitching for Columbus Reds : RHP Chris Santos
|
Batting: RHB Alejandro de Jesus
|
0-0: Foul Ball, location: 2F 0-1: Ball 1-1: Foul Ball, location: 2F 1-2: Foul Ball, location: 2F 1-2: Ball 2-2: Ball 3-2: Base on Balls
|
Batting: SHB Andy Ehrsam
|
0-0: Called Strike Alejandro de Jesus steals 2nd base 0-1: Fly out, F8 (Line Drive, 89D, EV 95.6 MPH) Runner from 2nd tags up, SAFE at 3rd, no throw by CF
|
Batting: RHB Ricky Saucedo
|
0-0: Called Strike 0-1: Ball 1-1: Foul Ball, location: 2F 1-2: Foul Ball, location: 2F 1-2: Strikes out swinging
|
Batting: RHB Settan Nakamura
|
0-0: Foul Ball, location: 2F 0-1: Foul Ball, location: 2F 0-2: Foul Ball, location: 2F 0-2: Ball 1-2: Fly out, F9 (Flyball, 89S, EV 90.0 MPH)
|
Top of the 2nd over - 0 runs, 0 hits, 0 errors, 1 left on base; Winnipeg 3 - Columbus 0 |
BOTTOM OF THE 2ND |
Columbus Reds batting - Pitching for Winnipeg Goldeyes : RHP Juan Castro
|
Batting: RHB Ji-an See-to
|
0-0: Ball 1-0: Ball 2-0: Ball 3-0: Base on Balls
|
Batting: SHB Bill Dissette
|
0-0: Called Strike 0-1: Fielders Choice at 2nd, 4-6 (Groundball, 13, EV 91.2 MPH)
|
Batting: RHB Matt Carman
|
0-0: Fly out, F4 (Popup, 34, EV 53.8 MPH)
|
Batting: SHB Colin Black
|
0-0: Called Strike 0-1: Called Strike 0-2: Strikes out swinging
|
Bottom of the 2nd over - 0 runs, 0 hits, 0 errors, 1 left on base; Winnipeg 3 - Columbus 0 |
TOP OF THE 3RD |
Winnipeg Goldeyes batting - Pitching for Columbus Reds : RHP Chris Santos
|
Batting: SHB Rodrigo Mendoza
|
0-0: Ball 1-0: SINGLE (Groundball, 34D, EV 100.0 MPH)
|
Batting: RHB Terry Oetker
|
0-0: Ball 1-0: Foul Ball, location: 2F 1-1: Ball 2-1: Ball Wild Pitch! Rodrigo Mendoza to second 3-1: Swinging Strike 3-2: Foul Ball, location: 2F 3-2: 2-RUN HOME RUN (Flyball, 89XD, EV 103.1 MPH), Distance : 429 ft
|
Batting: SHB Victor Turrubiate
|
0-0: Called Strike 0-1: Ball 1-1: Swinging Strike 1-2: Strikes out swinging
|
Batting: LHB Dave Bertheau
|
0-0: Ball 1-0: Ball 2-0: Called Strike 2-1: Ball 3-1: Swinging Strike 3-2: Fly out, F9 (Flyball, 89M, EV 98.1 MPH)
|
Batting: RHB Mike Berzins
|
0-0: Called Strike 0-1: Ball 1-1: Ball 2-1: Ground out 5-3 (Groundball, 5, EV 83.8 MPH)
|
Top of the 3rd over - 2 runs, 2 hits, 0 errors, 0 left on base; Winnipeg 5 - Columbus 0 |
BOTTOM OF THE 3RD |
Columbus Reds batting - Pitching for Winnipeg Goldeyes : RHP Juan Castro
|
Batting: RHB Cornholdo Schwerin
|
0-0: Ball 1-0: Ball 2-0: Called Strike 2-1: Ball 3-1: Foul Ball, location: 2F 3-2: Base on Balls
|
Batting: RHB Jorge Velez
|
0-0: Ball 1-0: Foul Ball, location: 2F 1-1: Foul Ball, location: 2F 1-2: Ball Cornholdo Schwerin is caught stealing 2nd base 2-4 2-2: Foul Ball, location: 2F 2-2: Ball 3-2: Base on Balls
|
Batting: LHB Alex Ramos
|
0-0: Foul Ball, location: 2F 0-1: Called Strike 0-2: Foul Ball, location: 2F 0-2: Strikes out swinging
|
Batting: RHB Tony Camacho
|
0-0: Foul Ball, location: 2F 0-1: Fielders Choice at 2nd, 6-4 (Groundball, 6, EV 105.0 MPH)
|
Bottom of the 3rd over - 0 runs, 0 hits, 0 errors, 1 left on base; Winnipeg 5 - Columbus 0 |
TOP OF THE 4TH |
Winnipeg Goldeyes batting - Pitching for Columbus Reds : RHP Chris Santos
|
Batting: RHB Alejandro de Jesus
|
0-0: Foul Ball, location: 2F 0-1: Ball 1-1: Ball 2-1: Ball 3-1: Called Strike 3-2: Ground out 5-3 (Groundball, 56S, EV 62.5 MPH)
|
Batting: SHB Andy Ehrsam
|
0-0: Called Strike 0-1: Ball 1-1: Swinging Strike 1-2: Strikes out swinging
|
Batting: RHB Ricky Saucedo
|
0-0: Ball 1-0: Ball 2-0: Fly out, F7 (Flyball, 7, EV 88.8 MPH)
|
Top of the 4th over - 0 runs, 0 hits, 0 errors, 0 left on base; Winnipeg 5 - Columbus 0 |
BOTTOM OF THE 4TH |
Columbus Reds batting - Pitching for Winnipeg Goldeyes : RHP Juan Castro
|
Batting: RHB Aaron Barraza
|
0-0: Ball 1-0: Foul Ball, location: 2F 1-1: Ball 2-1: Ball 3-1: Base on Balls
|
Batting: RHB Ji-an See-to
|
0-0: Ball 1-0: Foul Ball, location: 2F 1-1: Ball 2-1: Ball 3-1: Foul Ball, location: 2F 3-2: Strikes out swinging
|
Batting: SHB Bill Dissette
|
0-0: Swinging Strike 0-1: Ball 1-1: Swinging Strike 1-2: Strikes out swinging
|
Batting: RHB Matt Carman
|
0-0: Ball 1-0: Fielders Choice at 2nd, 6-4 (Groundball, 6, EV 79.4 MPH)
|
Bottom of the 4th over - 0 runs, 0 hits, 0 errors, 1 left on base; Winnipeg 5 - Columbus 0 |
TOP OF THE 5TH |
Winnipeg Goldeyes batting - Pitching for Columbus Reds : RHP Chris Santos
|
Batting: RHB Settan Nakamura
|
0-0: SINGLE (Groundball, 56D, EV 96.9 MPH)
|
Batting: SHB Rodrigo Mendoza
|
0-0: Called Strike 0-1: Ball 1-1: Ball 2-1: Ball 3-1: Base on Balls Settan Nakamura to second
|
Batting: RHB Terry Oetker
|
0-0: Swinging Strike 0-1: Foul Ball, location: 2F 0-2: Foul Ball, location: 2F 0-2: Foul Ball, location: 2F 0-2: Ball 1-2: Ball 2-2: Fly out, F8 (Flyball, 8RM, EV 96.2 MPH)
|
Batting: SHB Victor Turrubiate
|
0-0: Swinging Strike 0-1: Foul Ball, location: 2F 0-2: Ball 1-2: Ball 2-2: Ball 3-2: Fielders Choice at 3rd, U5 (Groundball, 5L, EV 77.5 MPH) Rodrigo Mendoza to second
|
Batting: LHB Dave Bertheau
|
0-0: Ball 1-0: Ball 2-0: Foul Ball, location: 2F 2-1: Foul Ball, location: 2F 2-2: Foul Ball, location: 2F 2-2: Ball 3-2: SINGLE (Line Drive, 8LS, EV 100.0 MPH) Rodrigo Mendoza to third Victor Turrubiate to second Rodrigo Mendoza scores Victor Turrubiate to third
|
Batting: RHB Mike Berzins
|
0-0: Ball 1-0: Called Strike 1-1: Ground out 4-3 (Groundball, 4, EV 85.0 MPH)
|
Top of the 5th over - 1 run, 2 hits, 0 errors, 2 left on base; Winnipeg 6 - Columbus 0 |
BOTTOM OF THE 5TH |
Columbus Reds batting - Pitching for Winnipeg Goldeyes : RHP Juan Castro
|
Batting: SHB Colin Black
|
0-0: Called Strike 0-1: Ball 1-1: Ball 2-1: Fly out, F8 (Flyball, 8RM, EV 85.0 MPH)
|
Batting: RHB Cornholdo Schwerin
|
0-0: Called Strike 0-1: Ball 1-1: Ball 2-1: Swinging Strike 2-2: Strikes out swinging
|
Batting: RHB Jorge Velez
|
0-0: Called Strike 0-1: Swinging Strike 0-2: Foul Ball, location: 2F 0-2: Ball 1-2: Strikes out looking
|
Bottom of the 5th over - 0 runs, 0 hits, 0 errors, 0 left on base; Winnipeg 6 - Columbus 0 |
TOP OF THE 6TH |
Winnipeg Goldeyes batting - Pitching for Columbus Reds : RHP Chris Santos
|
Batting: RHB Alejandro de Jesus
|
0-0: Ball 1-0: Foul Ball, location: 2F 1-1: Called Strike 1-2: Strikes out swinging
|
Batting: SHB Andy Ehrsam
|
0-0: Called Strike 0-1: Called Strike 0-2: Ball 1-2: Strikes out swinging
|
Batting: RHB Ricky Saucedo
|
0-0: Called Strike 0-1: Foul Ball, location: 2F 0-2: Hit by Pitch
|
Pitching: LHP Joe McLaughlin
|
|
Batting: RHB Settan Nakamura
|
0-0: Fly out, F8 (Flyball, 89S, EV 93.1 MPH)
|
Top of the 6th over - 0 runs, 0 hits, 0 errors, 1 left on base; Winnipeg 6 - Columbus 0 |
BOTTOM OF THE 6TH |
Columbus Reds batting - Pitching for Winnipeg Goldeyes : RHP Juan Castro
|
Batting: LHB Alex Ramos
|
0-0: Ball 1-0: Foul Ball, location: 2F 1-1: Swinging Strike 1-2: Ball 2-2: Ball 3-2: Base on Balls
|
Batting: RHB Tony Camacho
|
0-0: Called Strike 0-1: Ball 1-1: Ball 2-1: Ball 3-1: Called Strike Alex Ramos steals 2nd base 3-2: Foul Ball, location: 2F 3-2: Strikes out swinging
|
Batting: RHB Aaron Barraza
|
0-0: Ball 1-0: Called Strike 1-1: Foul Ball, location: 2F 1-2: Ball 2-2: Strikes out swinging
|
Batting: RHB Ji-an See-to
|
0-0: Ball 1-0: Ball Wild Pitch! Alex Ramos to third 2-0: Ball 3-0: Base on Balls
|
Batting: SHB Bill Dissette
|
0-0: Ball 1-0: Fly out, F7 (Flyball, 7S, EV 83.8 MPH)
|
Bottom of the 6th over - 0 runs, 0 hits, 0 errors, 2 left on base; Winnipeg 6 - Columbus 0 |
TOP OF THE 7TH |
Winnipeg Goldeyes batting - Pitching for Columbus Reds : LHP Joe McLaughlin
|
Batting: SHB Rodrigo Mendoza
|
0-0: Ball 1-0: Ground out 5-3 (Groundball, 5S, EV 66.2 MPH)
|
Batting: RHB Terry Oetker
|
0-0: Swinging Strike 0-1: Ball 1-1: Foul Ball, location: 2F 1-2: Ball 2-2: Foul Ball, location: 2F 2-2: Foul Ball, location: 2F 2-2: Foul Ball, location: 2F 2-2: Fly out, F9 (Flyball, 89S, EV 86.9 MPH)
|
Batting: SHB Victor Turrubiate
|
0-0: Called Strike 0-1: Foul Ball, location: 2F 0-2: Ball 1-2: Ball 2-2: Ball 3-2: Fly out, F7 (Flyball, 7D, EV 91.2 MPH)
|
Top of the 7th over - 0 runs, 0 hits, 0 errors, 0 left on base; Winnipeg 6 - Columbus 0 |
BOTTOM OF THE 7TH |
Columbus Reds batting - Pitching for Winnipeg Goldeyes : RHP Juan Castro
|
Batting: RHB Matt Carman
|
0-0: Called Strike 0-1: Ball 1-1: Foul Ball, location: 2F 1-2: Foul Ball, location: 2F 1-2: Ground out 4-3 (Groundball, 4MS, EV 74.4 MPH)
|
Batting: SHB Colin Black
|
0-0: Ball 1-0: Called Strike 1-1: Called Strike 1-2: Strikes out swinging
|
Pinch Hitting: LHB Jamel Wilhite
|
0-0: Called Strike 0-1: Foul Ball, location: 2F 0-2: Strikes out swinging
|
Bottom of the 7th over - 0 runs, 0 hits, 0 errors, 0 left on base; Winnipeg 6 - Columbus 0 |
TOP OF THE 8TH |
Winnipeg Goldeyes batting - Pitching for Columbus Reds : LHP Joe McLaughlin
|
Now in CF: Gabe Morales
|
|
Batting: LHB Dave Bertheau
|
0-0: Called Strike 0-1: Ball 1-1: Foul Ball, location: 2F 1-2: Ball 2-2: Ball 3-2: Fly out, F8 (Line Drive, 8RD, EV 96.9 MPH)
|
Batting: RHB Mike Berzins
|
0-0: Ball 1-0: Ball 2-0: Foul Ball, location: 2F 2-1: Ground out 6-3 (Groundball, 6, EV 90.6 MPH)
|
Batting: RHB Alejandro de Jesus
|
0-0: Called Strike 0-1: Foul Ball, location: 2F 0-2: Ball 1-2: Ball 2-2: Ball 3-2: Fly out, F8 (Line Drive, 8RM, EV 111.9 MPH)
|
Top of the 8th over - 0 runs, 0 hits, 0 errors, 0 left on base; Winnipeg 6 - Columbus 0 |
BOTTOM OF THE 8TH |
Columbus Reds batting - Pitching for Winnipeg Goldeyes : RHP Juan Castro
|
Batting: RHB Jorge Velez
|
0-0: Ball 1-0: Called Strike 1-1: Ball 2-1: Foul Ball, location: 2F 2-2: Fly out, F8 (Flyball, 8LM, EV 88.1 MPH)
|
Batting: LHB Alex Ramos
|
0-0: Called Strike 0-1: Foul Ball, location: 2F 0-2: Foul Ball, location: 2F 0-2: Ball 1-2: Ball 2-2: Ground out 4-3 (Groundball, 34, EV 88.1 MPH)
|
Pinch Hitting: SHB Eddie Crawford
|
0-0: Ball 1-0: Swinging Strike 1-1: Ball 2-1: Ball 3-1: Foul Ball, location: 2F 3-2: Base on Balls
|
Pitching: RHP Tommy Delzeit
|
|
Batting: RHB Aaron Barraza
|
0-0: Ball 1-0: Called Strike 1-1: Ball 2-1: Ball 3-1: Base on Balls Eddie Crawford to second
|
Batting: RHB Ji-an See-to
|
0-0: Ball 1-0: Called Strike 1-1: Ball 2-1: SINGLE (Line Drive, 9LS, EV 100.0 MPH) Eddie Crawford to third Aaron Barraza to second Runner from 3rd tries for Home, SAFE, throw by RF to home
|
Batting: SHB Bill Dissette
|
0-0: Called Strike 0-1: Ground out 4-3 (Groundball, 4, EV 103.1 MPH)
|
Bottom of the 8th over - 1 run, 1 hit, 0 errors, 2 left on base; Winnipeg 6 - Columbus 1 |
TOP OF THE 9TH |
Winnipeg Goldeyes batting - Pitching for Columbus Reds : LHP Joe McLaughlin
|
Now at SS: Ji-an See-to
|
|
Now in RF: Eddie Crawford
|
|
Pinch Hitting: RHB Mitsuhiro Kobayashi
|
0-0: Ground out 6-3 (Groundball, 6, EV 83.8 MPH)
|
Batting: RHB Ricky Saucedo
|
0-0: Reached on error, E6 (Groundball, 6, EV 91.2 MPH)
|
Batting: RHB Settan Nakamura
|
0-0: Swinging Strike 0-1: Foul Ball, location: 2F 0-2: Ball 1-2: Foul Ball, location: 2F 1-2: Strikes out swinging
|
Batting: SHB Rodrigo Mendoza
|
0-0: Foul Ball, location: 2F 0-1: Ball 1-1: Foul Ball, location: 2F 1-2: Foul Ball, location: 2F 1-2: SINGLE (Groundball, 56, EV 103.1 MPH) (infield hit) Ricky Saucedo to third
|
Batting: RHB Terry Oetker
|
0-0: Swinging Strike 0-1: Ball 1-1: Ball 2-1: Ball 3-1: Base on Balls Rodrigo Mendoza to second
|
Pitching: RHP Amador Sadaba
|
|
Batting: SHB Victor Turrubiate
|
0-0: Ball 1-0: Ball 2-0: Foul Ball, location: 2F 2-1: Foul Ball, location: 2F 2-2: Foul Ball, location: 2F 2-2: SINGLE (Line Drive, 89S, EV 100.6 MPH) Ricky Saucedo scores Rodrigo Mendoza to third Terry Oetker to second Runner from 3rd tries for Home, SAFE, throw by RF to home
|
Pinch Hitting: RHB Jesus Montoya
|
0-0: Ball 1-0: Ball 2-0: Foul Ball, location: 2F 2-1: Foul Ball, location: 2F 2-2: Foul Ball, location: 2F 2-2: Ball 3-2: Ground out 3-1 (Groundball, 34, EV 86.2 MPH)
|
Top of the 9th over - 2 runs, 2 hits, 1 error, 2 left on base; Winnipeg 8 - Columbus 1 |
BOTTOM OF THE 9TH |
Columbus Reds batting - Pitching for Winnipeg Goldeyes : RHP Tommy Delzeit
|
Now in LF: Jesus Montoya
|
|
Now in RF: Raul Aldaz
|
|
Batting: RHB Matt Carman
|
0-0: Called Strike 0-1: Ball 1-1: Called Strike 1-2: Fly out, F8 (Line Drive, 8RD, EV 90.6 MPH)
|
Batting: SHB Colin Black
|
0-0: Ball 1-0: Called Strike 1-1: Ball 2-1: Ball 3-1: Foul Ball, location: 2F 3-2: Strikes out swinging
|
Batting: LHB Gabe Morales
|
0-0: Ball 1-0: Ball 2-0: Ball 3-0: Called Strike 3-1: DOUBLE (Line Drive, 7LM, EV 106.9 MPH)
|
Pinch Hitting: RHB Alex Ruybalid
|
0-0: Ball 1-0: Fly out, F8 (Flyball, 8LD, EV 102.5 MPH)
|
Bottom of the 9th over - 0 runs, 1 hit, 0 errors, 1 left on base; Winnipeg 8 - Columbus 1 |
|